 Dungeon Crawl Stone Soup version 0.14-a0-1546-g4b4961f (webtiles) character file.

1705 Mitsuki the Archer (level 8, -1/59 HPs)
             Began as a Centaur Hunter on Dec 18, 2013.
             Was an Initiate of Okawaru.
             Killed by divine providence
             ... invoked by an orc priest
              (11 damage)
             ... on Level 6 of the Dungeon.
             The game lasted 00:26:41 (4800 turns).

Mitsuki the Archer (Centaur Hunter)                 Turns: 4800, Time: 00:26:41

HP  -1/59        AC  9     Str 15      XL: 8   Next: 37%
MP   6/6         EV  4     Int 11      God: Okawaru [......]
Gold 352         SH  0     Dex 12      Spells:  0 memorised,  7 levels left

rFire  . . .     SeeInvis .     b - +1,+2 bow
rCold  . . .     Clarity  +     d - +0 chain mail
rNeg   . . .     Conserve .     (no shield)
rPois  .         rCorr    .     (no helmet)
rElec  .         rRot     .     (no cloak)
SustAb . .       Spirit   .     g - +1 pair of gloves
rMut   .         Warding  .     (no barding)
Saprov . . .     Stasis   .     h - amulet of clarity
                                (no ring)
                                u - +1 ring of intelligence

@: very quick, slightly resistant to hostile enchantments, extremely unstealthy
A: hooves 3, deformed body, herbivore 1, speed 2, fast metabolism 1, tough skin
3
a: Renounce Religion


You were on level 6 of the Dungeon.
You worshipped Okawaru.
Okawaru was noncommittal.
You were not hungry.

You visited 2 branches of the dungeon, and saw 7 of its levels.

You collected 352 gold pieces.

Inventory:

Hand weapons
 a - a +0,+0 short sword
 b - a +1,+2 bow (weapon)
Missiles
 c - an arrow (quivered)
Armour
 d - a +0 chain mail (worn)
 g - a +1 pair of gloves (worn)
Magical devices
 l - a wand of magic darts (18)
Comestibles
 f - 4 bread rations
 o - a pear
Scrolls
 i - 7 scrolls of identify
 j - 3 scrolls of remove curse {unknown}
 k - a scroll of fog
 q - a scroll of blinking
 w - 2 scrolls of teleportation
 x - a scroll of curse armour
Jewellery
 h - an amulet of clarity (around neck)
 u - a +1 ring of intelligence (left hand)
Potions
 e - a potion of flight
 m - 4 potions of curing
 n - a potion of speed
 p - a potion of restore abilities
 s - a potion of agility


   Skills:
 - Level 1.0 Fighting
 + Level 13.2 Bows
 + Level 2.1 Armour
 - Level 1.3 Dodging
 - Level 0.5 Stealth


You had 7 spell levels left.
You didn't know any spells.

Dungeon Overview and Level Annotations

Branches:
Dungeon (6/16)             Temple (1/1) D:6

Altars:
Ashenzari
Cheibriados
Elyvilon
Fedhas
Kikubaaqudgha
Makhleb
Okawaru
Sif Muna
Trog
Vehumet
Xom
Yredelemnul
Zin


Innate Abilities, Weirdness & Mutations

You have hooves in place of feet.
Armour fits poorly on your strangely shaped body.
You digest meat inefficiently.
You cover ground very quickly.
You have a fast metabolism.
You have extremely tough skin (AC +3).


Message History

You shoot an arrow. The arrow hits the orc.
You kill the orc!
Okawaru accepts your kill.
A kobold and 3 orcs come into view.
The orc shouts!
The orc priest calls down the wrath of Beogh upon you.
Something smites you!
* * * LOW HITPOINT WARNING * * *
Things that are here:
an orcish ring mail; an orc corpse The orc priest shouts!
The orc priest mumbles some strange prayers to Beogh against you.
Something smites you!
* * * LOW HITPOINT WARNING * * *
The orc priest looks braver.
You see here an arrow.
c - an arrow The orc priest invokes the aid of Beogh against you.
Something smites you!
You die...

########################
...............o........
........Ko....[.....#
........o...####....#
###.)..####.#..#@...#
#....# #.#..#....#
#...(# #.#..#....#
#..Ko# #(#..#....#######
#..oo# #(#..#o..........
#....# #.#'##(..........
#...(# #...(............
#....# #)....?.......###
###....# #..####.......#


You could see 2 orc priests.

Vanquished Creatures
  A phantom (D:4)
  A sky beast (D:5)
  2 ogres
  An orc warrior (D:6)
  Duvessa (D:5)
  2 giant frogs (D:6)
  Dowan (D:5)
  5 crimson imps
  2 hounds
  An orc priest (D:4)
  A scorpion (D:4)
  3 orc wizards
  An iguana (D:5)
  Ijyb (D:2)
  An ogre skeleton (D:5)
  A hound skeleton (D:6)
  8 adders
  6 gnolls
  An inept item mimic (D:2)
  3 worms
  3 giant geckos
  2 oozes
  14 orcs
  A giant cockroach (D:2)
  13 hobgoblins
  27 jackals
  4 kobolds
  2 quokkas
  9 bats
  3 giant newts
  14 goblins
  A goblin zombie (D:5)
  11 rats
  A plant (D:6)
148 creatures vanquished.

Notes
Turn   | Place    | Note
--------------------------------------------------------------
     0 | D:1      | Mitsuki, the Centaur Hunter, began the quest for the Orb.
     0 | D:1      | Reached XP level 1. HP: 16/16 MP: 1/1
    60 | D:1      | Reached XP level 2. HP: 7/23 MP: 2/2
    95 | D:1      | Reached skill level 6 in Bows
   819 | D:2      | Reached XP level 3. HP: 28/28 MP: 3/3
  1017 | D:2      | Noticed Ijyb
  1026 | D:2      | Killed Ijyb
  1026 | D:2      | Reached skill level 7 in Bows
  1123 | D:2      | Reached XP level 4. HP: 23/35 MP: 3/3
  1217 | D:2      | Reached skill level 1 in Armour
  1318 | D:2      | Reached skill level 8 in Bows
  1605 | D:3      | Reached XP level 5. HP: 40/40 MP: 4/4
  2417 | D:4      | Noticed an ogre
  2423 | D:4      | Found an ancient bone altar of Kikubaaqudgha.
  2438 | D:4      | Killed an ogre
  2438 | D:4      | Reached skill level 9 in Bows
  2438 | D:4      | Reached XP level 6. HP: 36/47 MP: 5/5
  2835 | D:4      | Noticed a phantom
  2851 | D:4      | Killed a phantom
  2851 | D:4      | Reached skill level 10 in Bows
  3144 | D:5      | Entered Level 5 of the Dungeon
  3224 | D:5      | Reached XP level 7. HP: 52/52 MP: 5/5
  3283 | D:5      | Found a blossoming altar of Fedhas.
  3287 | D:5      | Reached skill level 11 in Bows
  3464 | D:5      | Found a burning altar of Makhleb.
  3466 | D:5      | Noticed a blizzard demon
  3563 | D:5      | Noticed Duvessa
  3565 | D:5      | Noticed Dowan
  3605 | D:5      | Killed Duvessa
  3682 | D:5      | Killed Dowan
  3682 | D:5      | Reached skill level 12 in Bows
  4005 | D:6      | Reached XP level 8. HP: 59/59 MP: 6/6
  4345 | D:6      | Found a staircase to the Ecumenical Temple.
  4355 | Temple   | Entered the Ecumenical Temple
  4359 | Temple   | Became a worshipper of Warmaster Okawaru
  4636 | D:6      | Reached skill level 13 in Bows
  4800 | D:6      | Killed from afar by an orc priest

Action                   |  1- 3 |  4- 6 |  7- 9 || total
-------------------------+-------+-------+-------++-------
Melee: Short sword       |       |       |    22 ||    22
 Fire: Bow               |    76 |   146 |   186 ||   408
  Use: Potion            |     3 |     4 |     1 ||     8
       Scroll            |     1 |    14 |       ||    15
